 Dungeon Crawl Stone Soup version 0.29-a0-459-g97dee8cd24 (webtiles) character file.

Game seed: 1785450043728997595

119 bande the Covered (level 5, 0/33 HPs)
             Began as a Gargoyle Fighter on May 20, 2022.
             Slain by a quasit (2 damage)
             ... while paralysed
             ... in a sewer.
             The game lasted 00:03:19 (2458 turns).

bande the Covered (Gargoyle Fighter)                Turns: 2458, Time: 00:03:20

Health: 0/33       AC: 11    Str: 18 (20) XL:     5   Next: 3%
Magic:  5/5        EV:  2    Int:  5 (8)  God:
Gold:   111        SH:  0    Dex:  0 (11) Spells: 4/4 levels left

rFire   . . .      SeeInvis .   a - +0 war axe
rCold   . . .      Faith    .   c - +0 buckler
rNeg    + . .      Spirit   .   b - +0 scale mail
rPois   ∞          Reflect  .   (no helmet)
rElec   +          Harm     .   (no cloak)
rCorr   .          Rampage  .   (no gloves)
Will    .....                   (no boots)
Stlth   ..........              (no amulet)
HPRegen 0.11/turn               (no ring)
MPRegen 0.09/turn               (no ring)

@: paralysed, on berserk cooldown, slowed, lost dexterity, invisible, very slow
A: sickness immunity, AC +4, negative energy resistance 1, electricity
resistance, torment resistance 1, petrification resistance
a: no special abilities


You were in a sewer.
You visited 1 branch of the dungeon, and saw 3 of its levels.
You also visited: Sewer.

You collected 111 gold pieces.

Inventory:

Hand Weapons
 a - a +0 war axe (weapon)
Armour
 b - a +0 scale mail (worn)
 c - a +0 buckler (worn)
Scrolls
 e - 2 scrolls of magic mapping
 f - a scroll of identify {unknown}
 h - a scroll of brand weapon {unknown}
 i - a scroll of torment {unknown}


   Skills:
 + Level 3.8 Fighting
 + Level 3.2 Axes
 + Level 4.1 Armour
 + Level 4.0 Shields


You had 4 spell levels left.
You didn't know any spells.
Your spell library contained the following spells:

 Spells                   Type           Power      Damage    Failure   Level
 Blink                    Tloc           0%         N/A       97%         2
 Ensorcelled Hibernation  Hex/Ice        0%         N/A       97%         2
 Passwall                 Tmut/Erth      0%         N/A       97%         2
 Lesser Beckoning         Tloc           0%         N/A       99%         3
 Ozocubu's Armour         Ice            0%         N/A       99%         3
 Swiftness                Air            0%         N/A       99%         3
 Manifold Assault         Tloc           0%         N/A       100%        5
 Ozocubu's Refrigeration  Ice            0%         4d5       100%        7


Dungeon Overview and Level Annotations

Branches:
Dungeon (3/15)              Sewer (1/1)

Altars:

Shops:
D:1 :


Innate Abilities, Weirdness & Mutations

You are immune to sickness and miasma.
Your stone body is resilient. (AC +4)
You are immune to poison.
You resist negative energy. (rN+)
You are resistant to electric shocks. (rElec)
You are resistant to unholy torment.
You are immune to petrification.


Message History

The quasit completely misses you.
You barely miss the quasit. The quasit misses you.
The quasit claws you but does no damage. x2
You block the quasit's attack.
The quasit claws you but does no damage. x2
The quasit bites you but does no damage.
The quasit claws you but does no damage. x2
Your unstable footing causes you to fumble your attack.
You feel yourself speed up. The quasit barely misses you.
The quasit claws you but does no damage.
You block the quasit's attack.
The quasit bites you but does no damage.
The quasit barely misses you. The quasit claws you.
* * * LOW HITPOINT WARNING * * *
The quasit bites you.
* * * LOW HITPOINT WARNING * * *
You feel clumsy.
The quasit claws you but does no damage.
The quasit barely misses you.
Your unstable footing causes you to fumble your attack.
You feel a little less mighty now. The quasit closely misses you.
The quasit claws you but does no damage.
The quasit closely misses you.
It was a potion of invisibility.
You fade into invisibility!
The quasit barely misses you. The quasit claws you.
* * * LOW HITPOINT WARNING * * *
You feel clumsy.
The quasit claws you but does no damage.
The quasit barely misses you. The quasit completely misses you. x2
It was a potion of degeneration.
There was something very wrong with that liquid.
You feel weakened.
You feel dopey.
You feel clumsy.
You have lost your dexterity.
The quasit barely misses you.
The quasit claws you but does no damage. x2
The quasit bites you.
You die...

###################
#≈≈.'.≈≈≈≈≈≈≈≈≈≈≈≈≈
#≈≈.#.≈≈≈≈≈≈≈≈≈≈≈≈≈
#≈..#..≈≈≈≈≈≈≈≈≈≈≈≈
#≈..#.≈≈≈≈≈≈≈≈≈≈≈≈≈
#≈≈.#..≈≈≈≈≈≈≈≈≈≈≈≈ .
#≈@)#...≈≈≈≈≈≈≈≈≈≈≈ .§.
##5####.###≈##≈##≈#
.....#55K#≈≈........)...
.J_K§.'...≈≈≈≈..).)..)...
§.....#...#≈≈.....)......
..§..###.####.#≈###≈≈#≈##
..... #≈≈. ...≈≈≈≈≈≈≈≈≈≈≈
#''' #≈≈.#..≈≈≈≈≈≈≈≈≈≈≈≈
≈.. #≈..#.≈≈≈≈≈≈≈≈≈≈≈≈≈


You could see a quasit, a shadow imp, an ufetubus and a kobold.

Vanquished Creatures
  A quasit (Sewer)
  An adder (D:2)
  3 ufetubi (Sewer)
  A worm (D:2)
  3 bats
  3 endoplasms
  11 giant cockroaches
  A goblin (D:1)
  4 hobgoblins
  3 jackals (D:2)
  18 kobolds
  2 quokkas
  A ball python (D:1)
  2 frilled lizards
  4 rats
58 creatures vanquished.

Vanquished Creatures (others)
  An endoplasm (Sewer)
  A giant cockroach zombie (Sewer)
  A kobold zombie (Sewer)
3 creatures vanquished.

Grand Total: 61 creatures vanquished

Notes
Turn   | Place    | Note
-------+----------+-------------------------------------------
     0 | D:1      | bande the Gargoyle Fighter began the quest for the Orb.
     0 | D:1      | Reached XP level 1. HP: 14/14 MP: 1/1
    57 | D:1      | Found a faded altar of an unknown god.
   212 | D:1      | Reached XP level 2. HP: 18/19 MP: 2/2
   377 | D:1      | You fall into a shaft and drop 1 floor!
   916 | D:1      | Found Askuoh's Book Shoppe.
  1105 | D:2      | Reached XP level 3. HP: 23/23 MP: 3/3
  1914 | D:3      | Found a glowing drain.
  1941 | Sewer    | Entered a sewer
  2009 | Sewer    | Reached XP level 4. HP: 24/29 MP: 4/4
  2405 | Sewer    | Found a burning altar of Makhleb.
  2436 | Sewer    | Reached XP level 5. HP: 14/33 MP: 5/5
  2457 | Sewer    | Lost dexterity.
  2458 | Sewer    | Slain by a quasit

Illustrated notes

Levels and vault maps discovered:
D:1:      shiori_arrival_elements, layout_basic, serial_shops,
          nicolae_square_shop, ebering_ecumenical_altar_box
D:2:      layout_loops_corners
D:3:      kennysheep_six_static_rooms, layout_rooms, portal_sewer_entry_f,
          chequers_decorated_corner, minmay_misc_feat_room
Sewer:    kennysheep_sewer_church

Skill      XL: |  1  2  3  4  5 |
---------------+----------------+-----
Axes           | 2 3 |  3.2
Armour         | 4 |  4.1
Shields        | 4 |  4.0
Fighting       | |  3.8

Action                   |  1- 3 |  4- 6 || total
-------------------------+-------+-------++-------
Melee: War axe           |   109 |    68 ||   177
  Use: Scroll            |     1 |       ||     1
       Potion            |       |     4 ||     4
Armor: Scale mail        |    70 |   119 ||   189
Dodge: Dodged            |    67 |    87 ||   154
Block: Buckler           |    27 |    36 ||    63

Table legend: (Time is in decaauts)
 A = Elapsed time spent in this place.
 B = Non-inter-level travel time spent in this place.
 C = Inter-level travel time spent in this place.
 D = Time resting spent in this place.
 E = Time spent auto-exploring this place.
 F = Levels seen in this place.
 G = Mean time per level.
                   A        B        C        D        E       F      G
               +--------+--------+--------+--------+--------+-----+--------+
         Total |   2538 |   2522 |     16 |    225 |   1747 |   4 |  634.5 |
       Dungeon |   1986 |   1970 |     16 |      0 |   1602 |   3 |  662.0 |
         Sewer |    551 |    551 |      0 |    225 |    145 |   1 |  551.0 |
               +--------+--------+--------+--------+--------+-----+--------+

Top non-repeatable levels by time:
     D:1: 957 daAuts
     D:2: 940 daAuts
   Sewer: 551 daAuts
     D:3: 88 daAuts
